 Dungeon Crawl Stone Soup version 0.21.0-22-g11d5b52 (console) character file.

1807 Duffy the Insei (level 9, -14/57 HPs)
             Began as an Octopode Transmuter on Jan 19, 2018.
             Was a Believer of Ru.
             Demolished by an orc warrior
             ... wielding a +0 halberd
              (18 damage)
             ... on level 9 of the Dungeon.
             The game lasted 00:11:44 (9078 turns).

Duffy the Insei (Octopode Transmuter)               Turns: 9078, Time: 00:11:45

Health: -14/57     AC:  2    Str:  9    XL:     9   Next: 9%
Magic:  7/11       EV: 25    Int: 19    God:    Ru [**....]
Gold:   466        SH:  0    Dex: 17    Spells: 1/11 levels left

rFire    . . .     SeeInvis .     - Unarmed
rCold    + . .     Gourm    .   (shield currently unavailable)
rNeg     . . .     Faith    .   (helmet currently unavailable)
rPois    x         Spirit   .   (no amulet)
rElec    .         Reflect  .   D - ring of protection from cold
rCorr    .         Harm     .   (no ring)
MR       .....                  (no ring)
Stlth    ++........             (no ring)
HPRegen  0.19/turn              (no ring)
MPRegen  0.12/turn              (no ring)
                                (no ring)
                                (no ring)

@: about to teleport, spider-form
A: tiny, almost no armour, stealthy swim, (amphibious), 8 rings, (constrict 8),
unskilled 1
a: End Transformation, Renounce Religion


You were on level 9 of the Dungeon.
You worshipped Ru.
Ru was pleased with you.
You were not hungry.
You were a venomous arachnid creature.
You visited 2 branches of the dungeon, and saw 9 of its levels.
You also visited: Sewer and Ossuary.

You collected 466 gold pieces.

Inventory:

Hand Weapons
 h - a +0 blowgun
Missiles
 a - 139 arrows
Jewellery
 D - a ring of protection from cold (left front leg)
Wands
 u - a wand of paralysis (12)
 v - a wand of digging (13)
 w - a wand of random effects (37)
Scrolls
 f - 2 scrolls of remove curse
 k - a scroll of fog {unknown}
 o - a scroll of amnesia {unknown}
 p - a scroll of teleportation
 r - a scroll of noise {unknown}
 t - a scroll of immolation {unknown}
 y - a scroll of random uselessness {unknown}
 z - 3 scrolls of blinking
 A - a scroll of enchant armour {unknown}
 C - a scroll of silence {unknown}
Potions
 d - 4 potions of flight
 e - a potion of haste
 g - 6 potions of curing
 i - a potion of ambrosia {unknown}
 j - a potion of berserk rage {unknown}
 l - 3 potions of brilliance
 m - 4 potions of heal wounds {unknown}
 n - a potion of invisibility
 q - 2 potions of might {unknown}
 x - a potion of mutation {unknown}
Books
 b - a book of Changes

   Spells                             Type                      Level
   a - Beastly Appendage              Transmutation                1
   b - Sticks to Snakes               Transmutation                2
   c - Spider Form                    Transmutation/Poison         3
   d - Ice Form                       Ice/Transmutation            4
   e - Blade Hands                    Transmutation                5
 s - a book of Air

   Spells                             Type                      Level
   a - Shock                          Conjuration/Air              1
   b - Swiftness                      Charms/Air                   2
   c - Static Discharge               Conjuration/Air              3
   d - Airstrike                      Air                          4
   e - Lightning Bolt                 Conjuration/Air              5
Comestibles
 c - 4 rations
 B - 3 chunks of flesh


   Skills:
 + Level 3.4 Fighting
 + Level 6.7 Dodging
 + Level 7.0 Unarmed Combat
 - Level 1.7 Spellcasting
 - Level 3.6 Transmutations
 - Level 1.8 Poison Magic


You had one spell level left.
You knew the following spells:

 Your Spells              Type           Power        Failure   Level  Hunger
a - Beastly Appendage     Tmut           ###...       13%         1    #......
b - Sticks to Snakes      Tmut           ###.....     17%         2    ###....
h - Spider Form           Tmut/Pois      ##........   36%         3    ###....
j - Ice Form              Ice/Tmut       #.......     82%         4    #####..


Dungeon Overview and Level Annotations

Branches:
Dungeon (7/15)             Temple (1/1) D:4

Altars:
Ashenzari
Cheibriados
Elyvilon
Fedhas
Gozag
Hepliaklqana
Kikubaaqudgha
Okawaru
Ru
Sif Muna
Trog
Uskayaw
Vehumet
Wu Jian
Xom
Yredelemnul
The Shining One


Innate Abilities, Weirdness & Mutations

You cannot wear most types of armour.
You are very stealthy in the water. (Stealth+)
((You are amphibious.))
You can wear up to eight rings at the same time.
((You can use your tentacles to constrict eight enemies at once.))
((Your skin changes colour to match your surroundings (Stealth+).))
((Your rubbery body absorbs attacks. (AC +1, EV +1)))
You are somewhat unskilled. (-1 Apt)


Message History

The orc warrior is lightly wounded.
The orc warrior misses you.
A big kobold comes into view. It is wielding a club.
As you read the scroll of teleportation, it crumbles to dust.
You feel strangely unstable.
The big kobold throws a stone.
The stone completely misses you.
The orc warrior hits you with a halberd!!
You hear a shout!
You closely miss the orc warrior.
The orc warrior is moderately wounded.
The orc warrior hits you with a halberd!
An orc comes into view. It is wielding a mace.
The orc shouts!
You hit the orc warrior.
The orc warrior looks as sick as possible!
The orc warrior is moderately wounded.
The orc moves out of view.
The kobold shoots a poisoned needle.
The poisoned needle completely misses you.
The orc warrior hits you with a halberd!!
You die...

... ....
.....##
.......
...#...
.......###
.........#
.##....(.#
......os(#
...[...###
......K
.#.K..o
...##K.
#.. #.. .
... ##.


You could see an orc warrior, a big kobold, an orc and 2 kobolds.

Vanquished Creatures
  The ghost of Brandom the Sneak, an amateur VSAs (D:4)
  An orc warrior (D:6)
  Purgy (Sewer)
  A phantom (D:5)
  A necrophage (D:9)
  3 ogres
  A centaur (D:6)
  An elf zombie (Ossuary)
  A bullfrog (D:6)
  2 scorpions
  2 howler monkeys
  A human zombie (Ossuary)
  3 orc wizards
  2 centaur zombies (Ossuary)
  2 hounds
  An orc priest (D:5)
  2 iguanas (D:4)
  Ijyb (D:5)
  A worker ant (D:4)
  2 big kobold zombies (Ossuary)
  A hound zombie (D:6)
  2 mummies (Ossuary)
  4 adders
  A shadow imp (D:6)
  3 oozes
  An adder zombie (Ossuary)
  3 adder skeletons
  A worm (D:2)
  A dart slug (D:1)
  5 leopard geckos
  17 orcs
  A ball python (D:1)
  9 bats
  6 giant cockroaches
  7 goblins
  3 hobgoblins
  15 jackals
  3 frilled lizards
  A goblin zombie (Ossuary)
  6 hobgoblin zombies (Ossuary)
  3 kobolds (D:3)
  15 kobold zombies (Ossuary)
  A leopard gecko skeleton (D:4)
  7 orc zombies (Ossuary)
  A quokka skeleton (D:6)
  4 rats
  A rat zombie (Ossuary)
152 creatures vanquished.

Vanquished Creatures (collateral kills)
  An ogre (D:4)
  A jackal (D:2)
  A kobold (D:2)
3 creatures vanquished.

Grand Total: 155 creatures vanquished

Notes
Turn   | Place    | Note
-------+----------+-------------------------------------------
     0 | D:1      | Duffy the Octopode Transmuter began the quest for the Orb.
     0 | D:1      | Reached XP level 1. HP: 13/13 MP: 3/3
    73 | D:1      | Reached XP level 2. HP: 15/18 MP: 5/5
   146 | D:1      | Learned a level 2 spell: Sticks to Snakes
   586 | D:1      | Reached XP level 3. HP: 13/23 MP: 6/6
   812 | D:1      | Learned a level 3 spell: Spider Form
  1258 | D:2      | Found a bloodstained altar of Trog.
  1561 | D:2      | Reached skill level 1 in Poison Magic
  1875 | D:2      | Reached XP level 4. HP: 25/28 MP: 7/7
  2430 | D:3      | Found a glowing drain.
  2460 | Sewer    | Entered a sewer
  2508 | Sewer    | Noticed Purgy
  2525 | Sewer    | Killed Purgy
  2525 | Sewer    | Reached XP level 5. HP: 23/33 MP: 5/8
  3366 | D:4      | Reached skill level 4 in Unarmed Combat
  3370 | D:4      | Reached XP level 6. HP: 27/38 MP: 5/9
  3427 | D:4      | Found a staircase to the Ecumenical Temple.
  3511 | D:4      | Noticed Brandom's ghost (amateur VSAs)
  3842 | D:4      | Found a sand-covered staircase.
  3852 | Ossuary  | Entered an ossuary
  4599 | Ossuary  | Reached skill level 5 in Unarmed Combat
  4599 | Ossuary  | Reached XP level 7. HP: 26/43 MP: 7/10
  5127 | Temple   | Entered the Ecumenical Temple
  5228 | Temple   | Became a worshipper of Ru the Awakened
  5252 | D:4      | Killed Brandom's ghost
  5252 | D:4      | Reached skill level 5 in Dodging
  5383 | D:4      | Reached skill level 6 in Unarmed Combat
  5656 | D:4      | Reached XP level 8. HP: 11/48 MP: 8/11
  5921 | D:4      | Learned a level 4 spell: Ice Form
  6245 | D:5      | Entered Level 5 of the Dungeon
  6343 | D:5      | Noticed Ijyb
  6352 | D:5      | Killed Ijyb
  6840 | D:5      | Gained mutation: You are somewhat unskilled. (-1 Apt) [Ru sacrifice]
  6840 | D:5      | Reduced skill Dodging to level 5
  6840 | D:5      | Reduced skill Spellcasting to level 1
  6840 | D:5      | Reduced skill Poison Magic to level 1
  6840 | D:5      | Reached * piety under Ru
  6840 | D:5      | Reached ** piety under Ru
  6980 | D:6      | Reached skill level 1 in Fighting
  7449 | D:6      | Found a hazy altar of Hepliaklqana.
  7450 | D:6      | Found a shimmering altar of Xom.
  7450 | D:6      | Noticed a tentacled monstrosity
  7452 | D:6      | Noticed a spectral ugly thing
  7452 | D:6      | Noticed a tentacled monstrosity
  8216 | D:6      | Found an opulent altar of Gozag.
  8219 | D:6      | Found a shattered altar of Ashenzari.
  8220 | D:6      | Found a white marble altar of Elyvilon.
  8276 | D:6      | Found a snail-covered altar of Cheibriados.
  8278 | D:6      | Found a blossoming altar of Fedhas.
  8877 | D:7      | Reached XP level 9. HP: 56/56 MP: 11/11
  9053 | D:7      | You fall through a shaft for 2 floors!
  9069 | D:9      | Reached skill level 7 in Unarmed Combat
  9078 | D:9      | Demolished by an orc warrior

Skill      XL: |  1  2  3  4  5  6  7  8  9 |
---------------+----------------------------+-----
Transmutations | 3 4 3 |  3.6
Poison Magic   | 1 2 1 |  1.8
Dodging        | 3 4 5 6 |  6.7
Unarmed Combat | 4 5 6 7 |  7.0
Fighting       | 3 |  3.4
Spellcasting   | 1 |  1.7

Action                   |  1- 3 |  4- 6 |  7- 9 || total
-------------------------+-------+-------+-------++-------
Melee: Unarmed           |    85 |   250 |   238 ||   573
       Constrict         |    20 |    32 |    18 ||    70
       Tentacles         |    16 |    14 |    15 ||    45
       Punch             |     4 |     1 |     3 ||     8
 Cast: Sticks to Snakes  |     3 |       |     3 ||     6
       Spider Form       |       |    16 |    22 ||    38
       Beastly Appendage |       |     2 |       ||     2
Invok: Sacrifice Skill   |       |       |     1 ||     1
 Abil: End Transformatio |       |     1 |     3 ||     4
  Use: Scroll            |       |     5 |     6 ||    11
       Potion            |       |     1 |       ||     1
 Stab: Sleeping          |     6 |       |     5 ||    11
       Invisible         |       |     4 |     1 ||     5
  Eat: Chunk             |     1 |     6 |    11 ||    18
       Ration            |     1 |     1 |     2 ||     4
Armor: Skin              |     8 |    13 |     7 ||    28
Dodge: Dodged            |    52 |   209 |   175 ||   436
